 Dungeon Crawl Stone Soup version 0.32-a0-818-gb728d0252e (webtiles) character file.

Game seed: 12853899401190966920

162209 greenreed the Bludgeoner (level 17, -11/137 HPs)
             Began as a Coglin Gladiator on Mar 24, 2024.
             Was an Initiate of Gozag.
             Killed from afar by a naga mage (25 damage)
             ... with a bolt of poison
             ... on level 1 of the Snake Pit.
             The game lasted 01:11:13 (33548 turns).

greenreed the Bludgeoner (Coglin Gladiator)        Turns: 33548, Time: 01:11:15

Health: -11/137    AC: 29    Str: 21    XL:     17   Next: 50%
Magic:  17/17      EV:  5    Int:  7    God:    Gozag
Gold:   6847       SH:  0    Dex: 15    Spells: 16/16 levels left

rFire   . . .        v - +2 flail (protect) {Hong}
rCold   + + .        l - +1 demon whip (venom) {Valter}
rNeg    + . .        u - +5 scale mail of Daphiowe {rN+ Will+ Regen+ Dex-4}
rPois   .            c - +0 helmet
rElec   +            V - +0 cloak "Othrigag" {rC+ Int-3 Dex+4}
rCorr   .            r - +1 pair of gloves
SInv    .            g - +1 pair of boots
Will    ++...        (amulet unavailable) Stlth
                     (ring unavailable)
HPRegen 1.22/turn    (ring unavailable)
MPRegen 0.15/turn    T - reticulated booster {rElec rC+ Clar RMsl}

%: repel missiles, clarity
@: lethally poisoned (-11 -> -47), gold aura, under a protective aura, hasted
and slowed, constricted, revved
A: off-hand wielding, slow wielding, warmup strikes, no jewellery
}: 1/15 runes: barnacled
a: Renounce Religion, Potion Petition, Call Merchant, Bribe Branch


You were on level 1 of the Snake Pit.
You worshipped Gozag.
Gozag was greatly pleased with you.
You visited 6 branches of the dungeon, and saw 27 of its levels.
You also visited: Ossuary, Gauntlet and Ice Cave.

You collected 9723 gold pieces.
You spent 1050 gold pieces at shops.
You paid 1826 gold pieces to Gozag.

Inventory:

Hand Weapons
 l - a +1 demon whip of venom (offhand) {Valter}
 v - a +2 flail of protection (weapon) {Hong}
Missiles
 d - 6 throwing nets (quivered)
Armour
 c - a +0 helmet (worn)
 g - a +1 pair of boots (worn)
 r - a +1 pair of gloves (worn)
 u - the +5 scale mail of Daphiowe (worn) {rN+ Will+ Regen+ Dex-4}
   (You bought it in a shop on level 2 of the Shoals)

   Dex-4:     It affects your dexterity (-4).
   rN+:       It protects you from negative energy.
   Will+:     It increases your willpower.
   Regen+:    It increases your rate of health regeneration.
 E - a +2 chain mail of fire resistance
 O - a +2 chain mail of cold resistance
 V - the +0 cloak "Othrigag" (worn) {rC+ Int-3 Dex+4}
   (You found it in a Gauntlet)

   Int-3:     It affects your intelligence (-3).
   Dex+4:     It affects your dexterity (+4).
   rC+:       It protects you from cold.
Magical Staves
 P - the staff "Uluewod" {rF+++ rN+ Str-2 Int-2 Stlth+ Necro}
   (You found it on level 4 of the Shoals)

   [staff of death]

   Base accuracy: +5 Base damage: 5 Base attack delay: 1.2 This weapon's minimum
   attack delay (0.6) is reached at skill level 12.
   Str-2:     It affects your strength (-2).
   Int-2:     It affects your intelligence (-2).
   rF+++:     It renders you almost immune to fire.
   rN+:       It protects you from negative energy.
   Stlth+:    It makes you more stealthy.
   Necro:     It increases the power of your Necromancy spells.
   It falls into the 'Staves' category.
   It is a one-graspered weapon.
Gizmo
 T - a reticulated booster (installed) {rElec rC+ Clar RMsl}
   (You invented it yourself on level 1 of the Lair of Beasts)

   [reticulated booster]

   rC+:       It protects you from cold.
   rElec:     It insulates you from electricity.
   Clar:      It protects you from confusion, rage, mesmerisation and fear.
   RMsl:      It protects you from missiles.
Wands
 a - a wand of charming (30)
 b - a wand of digging (11)
 f - a wand of mindburst (74)
 w - a wand of polymorph (3)
 x - a wand of flame (14)
 U - a wand of acid (4)
Scrolls
 h - 5 scrolls of blinking
 m - 6 scrolls of revelation
 n - 7 scrolls of fog
 o - 2 scrolls of butterflies
 p - 14 scrolls of teleportation
 q - 6 scrolls of amnesia
 t - 6 scrolls of enchant armour
 y - a scroll of silence {unknown}
 I - a scroll of enchant weapon
 K - 3 scrolls of torment
 M - 2 scrolls of vulnerability
 R - 2 scrolls of immolation
 S - a scroll of poison
 X - 3 scrolls of fear
 Y - 2 scrolls of noise
Potions
 i - 4 potions of enlightenment
 j - 3 potions of might
 k - 3 potions of lignification
 z - 10 potions of curing
 A - 2 potions of invisibility
 B - 2 potions of haste
 C - 2 potions of resistance
 D - 6 potions of brilliance
 F - 6 potions of mutation
 G - 2 potions of attraction
 H - 2 potions of ambrosia
 J - 2 potions of berserk rage
 W - a potion of cancellation
 Z - a potion of heal wounds
Miscellaneous
 e - a condenser vane
 s - a lightning rod (4/4)
 Q - a phantom mirror


   Skills:
 + Level 13.3 Fighting
 * Level 17.0 Maces & Flails
 - Level 1.7 Throwing
 + Level 12.1 Armour
 + Level 12.4 Dodging
 + Level 15.7 Evocations


You had 16 spell levels left.
You didn't know any spells.
Your spell library contained the following spells:

 Spells                   Type           Power      Damage    Failure   Level
 Foxfire                  Conj/Fire      0%         2x1d4     69%         1
 Kiss of Death            Conj/Necr      0%         2d5       69%         1
 Summon Small Mammal      Summ           0%         N/A       69%         1
 Lesser Beckoning         Tloc           0%         N/A       83%         2
 Mercury Vapours          Alch/Air       0%         N/A       83%         2
 Scorch                   Fire           0%         2d5       83%         2
 Call Canine Familiar     Summ           0%         N/A       96%         3
 Confusing Touch          Hex            0%         N/A       96%         3
 Dazzling Flash           Conj/Hex       0%         N/A       96%         3
 Frozen Ramparts          Ice            0%         1d1       96%         3
 Gell's Gravitas          Tloc           0%         N/A       96%         3
 Mephitic Cloud           Conj/Alch/Air  0%         N/A       96%         3
 Ozocubu's Armour         Ice            0%         N/A       96%         3
 Teleport Other           Tloc           0%         N/A       96%         3
 Cause Fear               Hex            0%         N/A       100%        4
 Dispel Undead            Necr           0%         3d6       100%        4
 Flame Wave               Conj/Fire      0%         2d4       100%        4
 Leda's Liquefaction      Alch/Erth      0%         N/A       100%        4
 Petrify                  Alch/Erth      0%         N/A       100%        4
 Summon Blazeheart Golem  Fire/Summ      0%         N/A       100%        4
 Vhi's Electric Charge    Tloc/Air       0%         N/A       100%        4
 Alistair's Intoxication  Alch           0%         N/A       100%        5
 Arcjolt                  Conj/Air       0%         1d10      100%        5
 Borgnjor's Vile Clutch   Necr/Erth      0%         N/A       100%        5
 Curse of Agony           Necr           0%         N/A       100%        5
 Fireball                 Conj/Fire      0%         3d3       100%        5
 Freezing Cloud           Conj/Ice/Air   0%         6-21      100%        5
 Metabolic Englaciation   Hex/Ice        0%         N/A       100%        5
 Silence                  Hex/Air        0%         N/A       100%        5
 Dispersal                Tloc           0%         N/A       100%        6
 Eringya's Noxious Bog    Alch           0%         4d6       100%        6
 Plasma Beam              Fire/Air       0%         2x1d10    100%        6
 Starburst                Conj/Fire      0%         6d3       100%        6
 Summon Cactus Giant      Summ           0%         N/A       100%        6
 Malign Gateway           Summ/Tloc      0%         N/A       100%        7
 Maxwell's Capacitive Co  Air            0%         ∞         100%        8
 Summon Horrible Things   Summ           0%         N/A       100%        8
 Dragon's Call            Summ           0%         N/A       100%        9


Dungeon Overview and Level Annotations

Branches:
Dungeon (14/15)            Temple (1/1) D:5            Lair (5/5) D:11
 Shoals (4/4) Lair:2        Snake (1/4) Lair:2        Slime (0/5) Lair:5
    Orc (2/2) D:10            Elf (0/3) Orc:2        Vaults (0/5) D:13
Ossuary (visited)           IceCv (visited)         Gauntlet (visited)

Altars:
Ashenzari
Cheibriados
Dithmenos
Elyvilon
Fedhas
Gozag
Hepliaklqana
Kikubaaqudgha
Makhleb
Nemelex Xobeh
Okawaru
Qazlal
Ru
Sif Muna
Trog
Uskayaw
Vehumet
Wu Jian
Xom
Yredelemnul
Zin
The Shining One

Shops:
D:5 *   D:7 *   D:12 *(?(!   Orc:2 (**::   Shoals:2 [

Portals:
Trove: D:12 (give 7 potions of haste)

Annotations:
D:12 2 transporters
D:14 Roxanne


Innate Abilities, Weirdness & Mutations

You can wield a second weapon in your off-hand.
It takes a long time for you to wield or remove held weapons.
Your first few attacks do less damage.
You cannot equip rings or amulets.


Message History

The naga mage barely misses you. The naga mage grabs you.
The naga mage constricts you. The naga warrior barely misses you.
The naga mage is distracted by your dazzling golden aura.
The naga mage constricts you.
You hit the naga mage with your +2 flail of protection.
The naga mage is no longer distracted by gold.
The naga mage is heavily wounded.
You hit the naga mage with your +1 demon whip of venom.
You feel extremely sick.
The naga warrior hits you but does no damage.
Unknown command.
You whack the naga warrior with your +1 demon whip of venom!
The naga warrior is moderately wounded.
The naga warrior blocks your attack.
You feel extremely sick. The naga mage barely misses you.
The naga mage constricts you.
The naga mage points at you and mumbles some strange words.
The bolt of poison hits you.
You are more poisoned.
The naga mage constricts you.
The naga warrior hits you with a +0 scimitar.
The naga warrior blocks your attack.
The naga warrior is moderately wounded.
The naga warrior blocks your attack.
You feel extremely sick. The naga mage barely misses you.
The naga mage constricts you.
The naga warrior hits you with a +0 scimitar!
* * * LOW HITPOINT WARNING * * *
[a] - 729 gold - heal wounds, berserk rage, lignification, might and resistance [b] - 440 gold - lignification, might, resistance and heal wounds [c] - 230 gold - haste Purchase which effect?
You feel yourself speed up.
* * * LOW HITPOINT WARNING * * *
You feel extremely sick. The naga mage casts a spell at you.
The bolt of poison hits you!!
You are more poisoned.
You die...
Your body crumbles into a pile of gold.

.....# ............#
......### ..........#
........###...........#..
#...NN..................
#.......................
##.....####...#.........
##...N#### #.........
##......#####........#
##........N@........#
#####.....N.<.......
################


You could see a naga warrior (curare) and a naga mage (fast, very poisoned).

Vanquished Creatures
  Nikola (Shoals:2)
  Mlioglotl (Shoals:3)
  2 sphinxes (Shoals:4)
  Ilsuiw (Shoals:3)
  An azure jelly (IceCv)
  A reaper (Gauntlet)
  A quicksilver ooze (IceCv)
  3 minotaurs
  4 merfolk javelineers
  4 vault guards (D:13)
  4 merfolk impalers
  4 hydras
  2 merfolk avatars
  10 satyrs
  2 merfolk aquamancers (Shoals:4)
  3 alligator snapping turtles
  A centaur warrior (Shoals:1)
  7 two-headed ogres
  An anaconda (Snake:1)
  4 boulder beetles
  11 death yaks
  5 orc high priests (Orc:2)
  A naga warrior (Snake:1)
  6 skysharks
  Amaemon (D:8)
  7 sea snakes
  3 skeletal warriors (D:12)
  10 harpies
  Pikel (D:4)
  10 orc knights
  10 manticores
  4 cyclopes
  An ugly thing (D:12)
  13 merfolk sirens
  A salamander (Lair:2)
  15 fauns
  29 elephants
  A worldbinder (Gauntlet)
  3 meliai (D:13)
  2 ice statues (IceCv)
  3 black mambas
  3 water nymphs
  3 kobold blastminers
  2 gargoyles
  Maggie (D:8)
  3 orange demons (D:13)
  5 rime drakes
  9 cane toads
  A yaktaur (shapeshifter) (D:13)
  2 unseen horror zombies (D:9)
  11 komodo dragons
  7 trolls
  5 hornets (Lair:5)
  A hellwing (Gauntlet)
  5 polar bears
  18 merfolk
  3 wind drakes
  12 blink frogs
  8 dream sheep
  4 snapping turtles
  24 slime creatures
  16 spriggans (Lair:5)
  A wraith (D:9)
  5 wyverns
  A shadow (D:10)
  A vampire (D:12)
  5 basilisks
  6 water elementals
  7 humans (D:13)
  45 yaks
  4 wargs
  3 steam dragons
  Menkaure (D:6)
  5 vampire mosquitoes
  4 nagas
  Edmund (D:4)
  An acid dragon (D:12)
  15 water moccasins
  5 great orb of eyes simulacra (IceCv)
  2 ice beasts
  A sky beast (D:7)
  32 orc warriors
  5 black bears
  5 boggarts
  2 ogres
  25 wolves
  4 slime creature simulacra (IceCv)
  5 centaurs
  2 phantoms (D:6)
  4 lemures
  5 bullfrogs
  An elf zombie (Ossuary)
  4 kobold brigands
  A glowing shapeshifter simulacrum (IceCv)
  8 scorpions
  3 gnoll sergeants
  3 wights (D:9)
  5 howler monkeys
  3 bombardier beetles
  A human zombie (Ossuary)
  4 jellies
  5 centaur zombies (D:9)
  6 hounds
  32 orc priests
  A sleepcap (D:5)
  Jessica (D:3)
  2 iguanas (D:6)
  22 orc wizards
  2 scorpion zombies (D:6)
  7 shapeshifter simulacra (IceCv)
  A killer bee zombie (D:9)
  4 mummies (Ossuary)
  A howler monkey zombie (D:9)
  20 gnolls
  5 howler monkey skeletons (D:6)
  15 adders
  4 shadow imps
  5 white imps
  2 adder zombies (Ossuary)
  A ribbon worm (D:5)
  78 orcs
  5 ball pythons
  4 endoplasms
  2 giant cockroaches
  A gnoll zombie (Ossuary)
  6 goblins
  2 hobgoblins (D:1)
  2 jackals (D:1)
  3 quokkas
  5 bats
  A frilled lizard (D:1)
  2 hobgoblin zombies (Ossuary)
  4 jackal zombies (Ossuary)
  16 kobolds
  A kobold zombie (Ossuary)
  4 rats
844 creatures vanquished.

Vanquished Creatures (collateral kills)
  A wind drake (Shoals:2)
1 creature vanquished.

Vanquished Creatures (others)
  A faun (Shoals:2)
  A merfolk siren (Shoals:2)
  An orange demon (D:8)
  A merfolk (Shoals:1)
  A snapping turtle (Shoals:2)
  A human (D:13)
  2 orcs
8 creatures vanquished.

Grand Total: 853 creatures vanquished

Notes
Turn   | Place    | Note
-------+----------+-------------------------------------------
     0 | D:1      | greenreed the Coglin Gladiator began the quest for the Orb.
     0 | D:1      | Reached XP level 1. HP: 16/16 MP: 1/1
   268 | D:1      | Reached XP level 2. HP: 18/22 MP: 2/2
   436 | D:1      | Reached skill level 3 in Maces & Flails
   914 | D:1      | Reached XP level 3. HP: 27/27 MP: 3/3
  1262 | D:2      | Reached skill level 1 in Armour
  1505 | D:2      | Reached XP level 4. HP: 33/34 MP: 4/4
  1740 | D:3      | Noticed Jessica
  1744 | D:3      | Killed Jessica
  1861 | D:3      | Reached XP level 5. HP: 39/39 MP: 5/5
  2297 | D:3      | Found an ancient bone altar of Kikubaaqudgha.
  2301 | D:3      | Found a basalt altar of Yredelemnul.
  2305 | D:3      | Found a hide-covered altar of Uskayaw.
  2309 | D:3      | Found a shimmering blue altar of Sif Muna.
  2343 | D:3      | Reached skill level 4 in Maces & Flails
  2636 | D:4      | Noticed Edmund
  2665 | D:4      | Killed Edmund
  2666 | D:4      | Reached XP level 6. HP: 19/47 MP: 6/6
  2938 | D:4      | Noticed Pikel
  3202 | D:4      | Killed Pikel
  3203 | D:4      | Reached skill level 5 in Maces & Flails
  3203 | D:4      | Reached skill level 5 in Dodging
  3203 | D:4      | Reached XP level 7. HP: 20/53 MP: 7/7
  3909 | D:5      | Entered Level 5 of the Dungeon
  3968 | D:5      | Reached XP level 8. HP: 60/60 MP: 8/8
  3968 | D:5      | Found a stormy altar of Qazlal.
  3987 | D:5      | Found a staircase to the Ecumenical Temple.
  3988 | D:5      | Found Jateimom's Elemental Accessories.
  3999 | Temple   | Entered the Ecumenical Temple
  4009 | Temple   | Became a worshipper of Gozag Ym Sagoz the Greedy
  4043 | D:5      | Reached skill level 1 in Evocations
  4358 | D:6      | Noticed Menkaure
  4603 | D:6      | Killed Menkaure
  4604 | D:6      | Reached skill level 6 in Maces & Flails
  4838 | D:6      | Found a sand-covered staircase.
  4869 | Ossuary  | Entered an ossuary
  4883 | Ossuary  | Reached XP level 9. HP: 55/67 MP: 9/9
  5310 | D:6      | Reached skill level 5 in Fighting
  5432 | D:6      | Reached skill level 7 in Maces & Flails
  6315 | D:7      | Reached skill level 5 in Evocations
  6486 | D:7      | Found a snail-covered altar of Cheibriados.
  6516 | D:7      | Found Unaung Yffu's Assorted Antiques.
  6601 | D:7      | Bought a scroll labelled OGIRAS KEQE for 26 gold pieces
  6938 | D:7      | Reached XP level 10. HP: 76/76 MP: 10/10
  7138 | D:8      | Reached skill level 8 in Maces & Flails
  7138 | D:8      | Reached skill level 5 in Armour
  7218 | D:8      | Found a broken altar of Ashenzari.
  7218 | D:8      | Noticed an orange demon
  7218 | D:8      | Noticed Amaemon
  7230 | D:8      | Killed Amaemon
  7460 | D:8      | Noticed a two-headed ogre
  7468 | D:8      | Killed a two-headed ogre
  7617 | D:8      | Found a sacrificial altar of Ru.
  7660 | D:8      | Noticed Maggie
  7674 | D:8      | Killed Maggie
  8238 | D:9      | Reached skill level 9 in Maces & Flails
  8364 | D:9      | Reached XP level 11. HP: 83/83 MP: 11/11
  8772 | D:9      | Noticed a two-headed ogre
  8789 | D:9      | Killed a two-headed ogre
  8992 | D:10     | Entered Level 10 of the Dungeon
  9069 | D:10     | Reached skill level 10 in Maces & Flails
  9468 | D:10     | Noticed a two-headed ogre
  9473 | D:10     | Killed a two-headed ogre
  9876 | D:10     | Found a staircase to the Orcish Mines.
 10045 | D:11     | Noticed a two-headed ogre
 10053 | D:11     | Killed a two-headed ogre
 10354 | D:11     | Noticed a boulder beetle
 10368 | D:11     | Killed a boulder beetle
 10492 | D:11     | Reached XP level 12. HP: 92/92 MP: 12/12
 10891 | D:11     | Found a staircase to the Lair.
 11061 | D:12     | Found a transporter.
 11063 | D:12     | Noticed a two-headed ogre
 11068 | D:12     | Noticed a two-headed ogre
 11076 | D:12     | Noticed a two-headed ogre
 11078 | D:12     | Noticed a two-headed ogre
 11080 | D:12     | Found a bloodstained altar of Trog.
 11083 | D:12     | Found Diemu's Weapon Shoppe.
 11087 | D:12     | Noticed a boulder beetle
 11105 | D:12     | Killed a boulder beetle
 11167 | D:12     | Found a frozen archway.
 11194 | IceCv    | Entered an ice cave
 11201 | IceCv    | Reached skill level 11 in Maces & Flails
 12386 | IceCv    | Found a viscous altar of Jiyva.
 12386 | IceCv    | Noticed an azure jelly
 12401 | IceCv    | Killed an azure jelly
 12415 | IceCv    | Noticed a quicksilver ooze
 12422 | IceCv    | Killed a quicksilver ooze
 12423 | IceCv    | Reached skill level 10 in Evocations
 12629 | IceCv    | Identified the amulet "Debbah" {Spirit rN+ rCorr Dex-4}
 12734 | D:12     | Noticed a two-headed ogre
 12741 | D:12     | Killed a two-headed ogre
 12868 | D:12     | Found a transporter.
 12871 | D:12     | Noticed a two-headed ogre
 12938 | D:12     | Noticed a boulder beetle
 12940 | D:12     | Found Cuucoiw's Antique Weapon Shop.
 12948 | D:12     | Killed a boulder beetle
 13156 | D:12     | Reached XP level 13. HP: 94/101 MP: 13/13
 13214 | D:12     | Reached skill level 12 in Maces & Flails
 13494 | D:12     | Found a portal to a secret trove of treasure.
 13584 | D:12     | Found Qyxat's Magic Scroll Shop.
 13587 | D:12     | Bought a scroll of identify for 28 gold pieces
 13587 | D:12     | Bought a scroll of teleportation for 42 gold pieces
 13587 | D:12     | Bought a scroll of identify for 28 gold pieces
 13587 | D:12     | Bought a scroll of identify for 28 gold pieces
 13587 | D:12     | Bought a scroll of poison for 56 gold pieces
 13615 | D:12     | Found Penegu's Distillery.
 13666 | D:12     | Bought a potion of might for 56 gold pieces
 13666 | D:12     | Bought a potion of degeneration for 14 gold pieces
 13666 | D:12     | Bought a potion of heal wounds for 70 gold pieces
 13777 | D:12     | Found Tuutwol's Assorted Antiques.
 13786 | D:12     | Bought a runed ivory wand for 104 gold pieces
 14948 | D:13     | Noticed a vault guard
 14948 | D:13     | Noticed a vault guard
 14948 | D:13     | Noticed a vault guard
 14962 | D:13     | Killed a vault guard
 14977 | D:13     | Killed a vault guard
 14987 | D:13     | Noticed a vault guard
 14997 | D:13     | Killed a vault guard
 15428 | D:13     | Killed a vault guard
 15429 | D:13     | Reached skill level 10 in Fighting
 15493 | D:13     | Found a gate to the Vaults.
 15623 | D:14     | Identified the granite talisman of Periwinkles {rF- rN++
                  | rCorr SInv}
 15623 | D:14     | Noticed Roxanne
 15737 | Lair:1   | Entered Level 1 of the Lair of Beasts
 15755 | Lair:1   | Reached skill level 13 in Maces & Flails
 16124 | Lair:1   | Identified the ring "Xutuqak" {rF+ Str+3 Dex+6}
 16206 | Lair:1   | Reached XP level 14. HP: 66/110 MP: 14/14
 16375 | Lair:1   | Acquired a reticulated booster {rElec rC+ Clar RMsl}
 17222 | Lair:2   | Reached skill level 10 in Dodging
 18096 | Lair:2   | Found a staircase to the Shoals.
 18278 | Lair:2   | Found a staircase to the Snake Pit.
 18606 | Lair:3   | Found a gate leading to a gauntlet.
 18618 | Gauntlet | Entered a Gauntlet
 18618 | Gauntlet | Found a transporter.
 18618 | Gauntlet | Found a transporter.
 18636 | Gauntlet | Found a transporter.
 18640 | Gauntlet | Found a transporter.
 18646 | Gauntlet | Found a runed translucent gate.
 18646 | Gauntlet | Found a runed translucent gate.
 18646 | Gauntlet | Found a runed translucent gate.
 18648 | Gauntlet | Found a transporter.
 18652 | Gauntlet | Found a transporter.
 18655 | Gauntlet | Noticed a reaper
 18660 | Gauntlet | Found a transporter.
 18676 | Gauntlet | Found a transporter.
 18690 | Gauntlet | Found a transporter.
 18694 | Gauntlet | Found a transporter.
 18702 | Gauntlet | Found a transporter.
 18706 | Gauntlet | Found a transporter.
 19063 | Gauntlet | Killed a reaper
 19064 | Gauntlet | Reached skill level 14 in Maces & Flails
 19094 | Gauntlet | Identified the +0 cloak "Othrigag" {rC+ Int-3 Dex+4}
 19154 | Gauntlet | Identified the ring "Qaen" {^Drain rC+ rCorr Str+3}
 20321 | Lair:4   | Reached skill level 10 in Armour
 20368 | Lair:4   | Reached XP level 15. HP: 83/118 MP: 15/15
 20576 | Lair:4   | You fall into a shaft and drop 1 floor!
 20576 | Lair:5   | Entered Level 5 of the Lair of Beasts
 22803 | Lair:5   | Reached skill level 15 in Maces & Flails
 23014 | Lair:5   | Found a staircase to the Slime Pits.
 23964 | Orc:1    | Entered Level 1 of the Orcish Mines
 24667 | Orc:2    | Entered Level 2 of the Orcish Mines
 24667 | Orc:2    | Found Paas's Self-Improvement Boutique.
 25794 | Orc:2    | Reached XP level 16. HP: 85/127 MP: 16/16
 26760 | Orc:2    | Found Wuonepti's Antique Weapon Boutique.
 26763 | Orc:2    | Found Fyfiec's General Store.
 26764 | Orc:2    | Found Aryeck's Book Boutique.
 26765 | Orc:2    | Found Biumn's Assorted Antiques.
 26911 | Orc:2    | Found a staircase to the Elven Halls.
 27304 | Shoals:1 | Entered Level 1 of the Shoals
 27970 | Shoals:1 | Identified the +0 chain mail "Besiatini" {rElec rF+ Str+2
                  | Dex-5}
 28519 | Shoals:2 | Found Zeafed's Armour Boutique.
 28525 | Shoals:2 | Noticed Nikola
 29238 | Shoals:2 | Killed Nikola
 29384 | Shoals:2 | Bought the +5 scale mail of Daphiowe {rN+ Will+ Regen+
                  | Dex-4} for 598 gold pieces
 29726 | Shoals:2 | Reached skill level 16 in Maces & Flails
 30502 | Shoals:3 | Noticed Mlioglotl
 30503 | Shoals:3 | Noticed Ilsuiw
 30935 | Shoals:3 | Identified the ring of Ufeimm {Fire Fly rElec Str+2 Stlth-}
 31044 | Shoals:3 | Noticed a tentacled starspawn
 31051 | Shoals:3 | Noticed a tentacled monstrosity
 31052 | Shoals:3 | Killed Mlioglotl
 31053 | Shoals:3 | Reached skill level 15 in Evocations
 31189 | Shoals:3 | Killed Ilsuiw
 31323 | Shoals:4 | Entered Level 4 of the Shoals
 31974 | Shoals:4 | Reached XP level 17. HP: 93/135 MP: 17/17
 32078 | Shoals:4 | Noticed a sphinx
 32100 | Shoals:4 | Paralysed by a sphinx for 4 turns
 32196 | Shoals:4 | Killed a sphinx
 32942 | Shoals:4 | Identified the ring "Gurchom" {rC+ rCorr Int+3 Slay+5}
 32962 | Shoals:4 | Noticed a sphinx
 32981 | Shoals:4 | Killed a sphinx
 33112 | Shoals:4 | Got a barnacled rune of Zot
 33113 | Shoals:4 | Identified the staff "Uluewod" {rF+++ rN+ Str-2 Int-2
                  | Stlth+ Necro}
 33262 | Shoals:4 | Reached skill level 17 in Maces & Flails
 33487 | Snake:1  | Entered Level 1 of the Snake Pit
 33548 | Snake:1  | Killed from afar by a naga mage

Illustrated notes

Levels and vault maps discovered:
D:1:      onia_arrival_mini_maze, layout_loops_corners
D:2:      layout_basic
D:3:      layout_loops_ring, nicolae_overflow_macrodata_refinement, uniq_jessica
D:4:      layout_basic, nicolae_zen_rock_garden, uniq_pikel, uniq_edmund
D:5:      layout_cave_pools, mainiacjoe_overflow_boulevard, temple_statues,
          nicolae_elemental_shop
D:6:      minmay_polygon_palace, layout_basic,
          mainiacjoe_ossuary_entry_find_the_door, serial_bayou_crossing,
          uniq_menkaure
D:7:      layout_loops_ring, mainiacjoe_overflow_catwalk, serial_shops,
          nicolae_shop_rolling_square
D:8:      layout_basic, nicolae_ru_the_path_less_chosen, ashenzari_altar_1,
          uniq_amaemon, uniq_maggie
D:9:      layout_rooms, serial_undead, serial_undead_c, serial_undead_e,
          serial_undead_a, serial_undead_f
D:10:     layout_irregular_city, hiddenorc1_lemuel
D:11:     layout_loops_corners, lair_entry_dummy, hive_lemuel
D:12:     layout_loops_ring, serial_shops, shop, nicolae_shop_rolled_up,
          nicolae_shop_tiny_statue_garden, shop, nicolae_shop_waterfront,
          gammafunk_ghost_wrathful_warriors, portal_ice_cave_entry_pillars_2,
          nicolae_trove_entry_crystal
D:13:     layout_cave_pods, ximxim_vaults_locker_room, st_stairs_1,
          minmay_misc_feat_ornament, nicolae_two_hexagons,
          einodemon_barbed_minivault
D:14:     layout_roguey, uniq_roxanne
Temple:   eino_temple_lava
Lair:1:   layout_regular_city
Lair:2:   layout_hall_layers, elwin_shoals_entry_stream,
          alex1729_snake_entry_snake
Lair:3:   layout_cave_pods, gauntlet_entry_generic,
          chequers_serial_rivers_small_b
Lair:4:   layout_cave_pods
Lair:5:   minmay_lair_end_enchanted_forest, layout_hall_layers, slime_entry_1,
          chequers_serial_rivers_small_b, lemuel_fruit_tree
Shoals:1: layout_shoals
Shoals:2: layout_shoals, nicolae_stop_n_shop_2, uniq_nikola
Shoals:3: layout_shoals, uniq_mlioglotl, uniq_ilsuiw
Shoals:4: shoals_end_hellmonk_lost_city
Snake:1:  layout_onion, serial_shops, nicolae_shop_advertising_works
          [nicolae_subvault_shop_adworks], nicolae_snake_salamander_fort
Orc:1:    layout_caves
Orc:2:    st_orc_pillars, layout_caves, nicolae_shop_self_help

Skill      XL: |  1  2  3  4  5  6  7  8  9 10 11 12 13 14 15 16 17 |
---------------+----------------------------------------------------+-----
Maces & Flails | 3 4 5 6 7 9 10 11 13 14 15 16 17 | 17.0
Dodging        | 3 4 5 6 7 8 9 10 11 12 | 12.4
Armour         | 1 2 3 4 6 7 8 9 10 11 12 | 12.1
Fighting       | 3 4 5 6 8 9 10 11 12 13 | 13.3
Evocations     | 3 5 7 8 10 11 13 14 15 | 15.7
Throwing       | |  1.7

Action                     |  1- 3 |  4- 6 |  7- 9 | 10-12 | 13-15 | 16-18 || total
---------------------------+-------+-------+-------+-------+-------+-------++-------
  Melee: Flail             |    65 |   112 |   330 |   563 |  1349 |   822 ||  3241
         Dagger            |    53 |    68 |       |       |       |       ||   121
         Whip              |       |    39 |   311 |    14 |       |       ||   364
         Demon whip        |       |       |       |   549 |  1354 |   811 ||  2714
  Throw: Throwing net      |       |     2 |       |       |       |       ||     2
 Invoke: Potion Petition   |       |       |       |     1 |       |     3 ||     4
Ability: Invent Gizmo      |       |       |       |       |     1 |       ||     1
  Evoke: Wand              |       |     3 |       |     7 |     5 |    13 ||    28
    Use: Scroll            |       |       |       |    13 |    11 |     3 ||    27
         Potion            |       |       |       |       |     1 |     1 ||     2
   Stab: Sleeping          |     2 |     1 |       |       |       |       ||     3
         Held in net/web   |       |     1 |       |       |       |       ||     1
         Distracted        |       |       |     1 |       |     7 |     3 ||    11
         Invisible         |       |       |       |     2 |       |       ||     2
 Armour: Leather armour    |    41 |    77 |   130 |       |       |       ||   248
         Plate armour      |       |       |    68 |       |       |       ||    68
         Chain mail        |       |       |    21 |   410 |  1003 |   200 ||  1634
         Scale mail        |       |       |       |       |       |   509 ||   509
  Dodge: Dodged            |    43 |    63 |   250 |   207 |   705 |   519 ||  1787
         Repelled          |       |       |       |       |    15 |    58 ||    73

Table legend: (Time is in decaauts)
 A = Elapsed time spent in this place.
 B = Non-inter-level travel time spent in this place.
 C = Inter-level travel time spent in this place.
 D = Time resting spent in this place.
 E = Time spent auto-exploring this place.
 F = Levels seen in this place.
 G = Mean time per level.
                   A        B        C        D        E       F      G
               +--------+--------+--------+--------+--------+-----+--------+
         Total |  32812 |  31122 |   1690 |   4061 |  21127 |  30 | 1093.7 |
       Dungeon |  13872 |  12950 |    922 |    424 |  10253 |  14 |  990.9 |
        Temple |     18 |      5 |     13 |      0 |      0 |   1 |   18.0 |
          Lair |   7227 |   6757 |    470 |    424 |   5236 |   5 | 1445.4 |
        Shoals |   6162 |   5977 |    185 |   1766 |   3038 |   4 | 1540.5 |
     Snake Pit |     54 |     54 |      0 |      8 |     13 |   1 |   54.0 |
  Orcish Mines |   3095 |   2997 |     98 |   1100 |   1399 |   2 | 1547.5 |
       Ossuary |    243 |    243 |      0 |     48 |    119 |   1 |  243.0 |
      Ice Cave |   1485 |   1485 |      0 |    241 |    810 |   1 | 1485.0 |
      Gauntlet |    652 |    652 |      0 |     50 |    259 |   1 |  652.0 |
               +--------+--------+--------+--------+--------+-----+--------+

Top non-repeatable levels by time:
   Orc:1: 2178 daAuts
Shoals:1: 2078 daAuts
  Lair:5: 1957 daAuts
Shoals:3: 1846 daAuts
  Lair:4: 1679 daAuts
    D:13: 1526 daAuts
   IceCv: 1485 daAuts
    D:12: 1466 daAuts
  Lair:2: 1403 daAuts
     D:6: 1354 daAuts
     D:4: 1242 daAuts
    D:11: 1234 daAuts
  Lair:1: 1170 daAuts
Shoals:4: 1160 daAuts
     D:7: 1102 daAuts
